 Dungeon Crawl Stone Soup version 0.28-a0-1395-g4f6bc678fa (webtiles) character file.

Game seed: 17462293382920582026

1001 Deminshera the Shooter (level 8, 0/60 (65) HPs)
             Began as a Demonspawn Wanderer on Jan 4, 2022.
             Was a Believer of Uskayaw.
             Slain by an orc warrior (14 damage)
             ... on level 4 of the Dungeon.
             The game lasted 00:06:07 (5726 turns).

Deminshera the Shooter (Demonspawn Wanderer)        Turns: 5726, Time: 00:06:08

HP:   0/60 (65)     AC:  6    Str: 13    XL:     8   Next: 0%
MP:   9/9           EV:  8    Int: 12    God:    Uskayaw [**....]
Gold: 123           SH:  6    Dex: 16    Spells: 8/9 levels left

rFire   . . .      SeeInvis .   s - +2 whip (vamp)
rCold   + . .      Faith    .   (no shield)
rNeg    . . .      Spirit   .   k - +0 scale mail
rPois   .          Reflect  .   (helmet restricted)
rElec   .          Harm     .   (no cloak)
rCorr   .          Rampage  .   (no gloves)
Will    +....                   (no boots)
Stlth   ..........              (no amulet)
HPRegen 0.20/turn               (no ring)
MPRegen 0.11/turn               (no ring)

@: mighty, drained
A: antennae 1, large bone plates 2, ignite blood 1, powered by pain 1, cold
resistance 1, strong-willed 1
a: Renounce Religion, Stomp, Line Pass


You were on level 4 of the Dungeon.
You worshipped Uskayaw.
Uskayaw was noncommittal.
You visited 1 branch of the dungeon, and saw 4 of its levels.

You collected 123 gold pieces.

Inventory:

Hand Weapons
 a - a +2 shortbow
 s - a +2 vampiric whip (weapon)
Missiles
 b - 9 arrows
 c - 11 poisoned darts (quivered)
 n - a throwing net
Armour
 e - a +0 robe
 k - a +0 scale mail (worn)
Jewellery
 v - a +4 ring of evasion
Wands
 q - a wand of polymorph (8)
Scrolls
 d - 2 scrolls of noise {unknown}
 f - a scroll of amnesia {unknown}
 h - 2 scrolls of teleportation {unknown}
 i - 3 scrolls of identify {unknown}
 j - 2 scrolls of fear {unknown}
 l - a scroll of torment {unknown}
 o - a scroll of brand weapon {unknown}
 t - a scroll of enchant weapon {unknown}
Potions
 g - 2 potions of mutation
 m - 2 potions of ambrosia {unknown}
 p - a potion of heal wounds {unknown}
 u - a potion of degeneration {unknown}
 w - a potion of berserk rage {unknown}


   Skills:
 + Level 6.5 Fighting
 + Level 6.5 Bows
 - Level 3.6 Throwing
 - Level 1.0 Spellcasting
 - Level 1.0 Air Magic


You had 8 spell levels left.
You knew the following spells:

 Your Spells              Type           Power      Damage    Failure   Level
a - Shock                 Conj/Air       4%         1d3       77%         1

Your spell library contained the following spells:

 Spells                   Type           Power      Damage    Failure   Level
 Scorch                   Fire           0%         2d5       92%         2
 Ignite Poison            Fire/Tmut/Pois 0%         N/A       99%         3
 Mephitic Cloud           Conj/Pois/Air  1%         N/A       99%         3
 Flame Wave               Conj/Fire      0%         2d4       100%        4
 Freezing Cloud           Conj/Ice/Air   0%         6-21      100%        5
 Summon Cactus Giant      Summ           0%         N/A       100%        6


Dungeon Overview and Level Annotations

Branches:
Dungeon (4/15)
 Temple: D:4-7

Altars:
Uskayaw
The Shining One


Innate Abilities, Weirdness & Mutations

You have a pair of small antennae on your head.
You are mostly covered in large bone plates. (SH +6)
Your demonic aura sometimes causes spilled blood to erupt in flames.
You sometimes gain a little power by taking damage.
Your flesh is cold resistant. (rC+)
You are strong-willed. (Will+)


Message History

The jelly hits you but does no damage.
You hit the jelly.
You kill the jelly!
The orc warrior barely misses you.
You have reached level 8!
You feel clever.
The orc warrior throws a boomerang.
The boomerang hits you!
You focus on the pain.
You feel very mighty all of a sudden.
You are too injured to fight recklessly!
The orc warrior closely misses you.
Things that are here:
14 gold pieces; a hobgoblin corpse You hit the orc warrior.
The orc warrior is lightly wounded.
The orc warrior hits you with a +0 halberd of protection.
You can now pass through a line of other dancers.
You hit the orc warrior but do no damage.
The orc warrior is lightly wounded.
The orc warrior closely misses you.
You barely miss the orc warrior.
The orc warrior is lightly wounded.
The orc warrior hits you with a +0 halberd of protection.
You hit the orc warrior but do no damage.
The orc warrior is lightly wounded.
The orc warrior barely misses you.
You can no longer pass through a line of other dancers.
You whack the orc warrior!
You feel better.
The orc warrior is moderately wounded.
The orc warrior hits you with a +0 halberd of protection.
* * * LOW HITPOINT WARNING * * *
You block the orc warrior's attack.
You can now pass through a line of other dancers.
It was a potion of mutation.
You feel extremely strange.
You feel strong-willed.
You feel resistant to cold.
The orc warrior hits you with a +0 halberd of protection!
* * * LOW HITPOINT WARNING * * *
You feel better.
The orc warrior hits you with a +0 halberd of protection!
You die...

#....# # #.....# #.. #.####
#.#...#####.# #.# #.#.#.......#
#.# #.##.#...##..... #.#
#........##.##.# #.#
#.#####.###.##.# #<#
###.#...#.#.##.. ###.######..
###g........#.##.#
#..#.......###@o##..#......##.#
#.#.#####..##)###.#..#.........
#.#.# ####.#.#.....####†# #.#.#
##.....#..####.# #.#K#####..##
###......##.#o# #.#...K555..#
...#....#....# #.#######...#
##.#...#.##.### #.# #
#.#..#....#÷## #.#
.#...........#


You could see an orc warrior and a hobgoblin.

Vanquished Creatures
  Pikel (D:3)
  A necrophage (D:4)
  A jelly (D:4)
  Dowan (D:4)
  A hound (D:4)
  A bullfrog skeleton (D:4)
  2 hound skeletons (D:4)
  Robin (D:4)
  10 gnolls
  5 adders
  A worm (D:3)
  3 dart slugs
  5 orcs
  13 ball pythons
  6 bats
  5 endoplasms
  3 giant cockroaches
  11 goblins
  16 hobgoblins
  5 jackals (D:2)
  6 kobolds
  A quokka (D:3)
  2 frilled lizards (D:1)
  5 rats
106 creatures vanquished.

Notes
Turn   | Place    | Note
-------+----------+-------------------------------------------
     0 | D:1      | Deminshera the Demonspawn Wanderer began the quest for the
                  | Orb.
     0 | D:1      | Deminshera set off with the following items: a +2 shortbow,
                  | 20 arrows, 13 poisoned darts, a +0 dagger, a +0 robe; and
                  | the following spell memorised: Shock; and the following
                  | spells available to memorise: Mephitic Cloud
     0 | D:1      | Reached XP level 1. HP: 15/15 MP: 2/2
   145 | D:1      | Gained mutation: You have a pair of small antennae on your
                  | head. [demonic ancestry]
   145 | D:1      | Reached XP level 2. HP: 21/21 MP: 3/3
   980 | D:1      | Gained mutation: You are partially covered in large bone
                  | plates. (SH +4) [demonic ancestry]
   980 | D:1      | Reached XP level 3. HP: 27/27 MP: 4/4
  1787 | D:2      | HP: 1/28 [gnoll (11)]
  2195 | D:1      | Reached XP level 4. HP: 21/34 MP: 5/5
  3280 | D:3      | Gained mutation: Your demonic aura sometimes causes spilled
                  | blood to erupt in flames. [demonic ancestry]
  3280 | D:3      | Reached XP level 5. HP: 41/41 MP: 6/6
  3739 | D:3      | Found a faded altar of an unknown god.
  3751 | D:3      | Prayed at the altar of an unknown god.
  3751 | D:3      | Became a worshipper of Uskayaw the Reveller
  3751 | D:3      | Reached * piety under Uskayaw
  3897 | D:4      | Noticed a lemure
  3897 | D:4      | Noticed a lemure
  3901 | D:4      | Noticed a lemure
  3902 | D:4      | Noticed Pikel
  3905 | D:4      | Noticed a lemure
  3918 | D:4      | HP: 2/42 [Pikel (2)]
  4392 | D:3      | HP: 1/42 [Pikel (2)]
  4402 | D:3      | Killed Pikel
  4403 | D:3      | Reached skill level 5 in Fighting
  4403 | D:3      | Reached skill level 5 in Bows
  4403 | D:3      | Gained mutation: You are mostly covered in large bone
                  | plates. (SH +6) [demonic ancestry]
  4403 | D:3      | Reached XP level 6. HP: 4/51 MP: 7/7
  4403 | D:3      | Gained mutation: You sometimes gain a little power by
                  | taking damage. [demonic ancestry]
  4403 | D:3      | Reached XP level 7. HP: 4/56 MP: 8/8
  4771 | D:4      | Reached ** piety under Uskayaw
  4954 | D:4      | Noticed Robin
  5001 | D:4      | Reached *** piety under Uskayaw
  5009 | D:4      | Reached **** piety under Uskayaw
  5022 | D:4      | Killed Robin
  5481 | D:4      | Noticed Dowan
  5491 | D:4      | Killed Dowan
  5718 | D:4      | Reached XP level 8. HP: 39/60 MP: 9/9
  5725 | D:4      | Gained mutation: You are strong-willed. (Will+) [potion of
                  | mutation]
  5725 | D:4      | Gained mutation: Your flesh is cold resistant. (rC+)
                  | [potion of mutation]
  5726 | D:4      | Slain by an orc warrior

Illustrated notes

Levels and vault maps discovered:
D:1:      dpeg_arrival_solitude, layout_loops_corners, kennysheep_minor_cross,
          grunt_decor_one_mirror
D:2:      layout_loops_corners, basic_altar
D:3:      minmay_diamond_boxcup, layout_basic, nicolae_ecumenical_snake_handling
D:4:      layout_loops_ring, grunt_decor_arrowhead, minmay_increasing_density,
          uniq_pikel, uniq_robin, uniq_duvessa

Skill      XL: |  1  2  3  4  5  6  7 |
---------------+----------------------+-----
Bows           | 3 4 5 6 |  6.5
Fighting       | 2 3 5 6 |  6.5
Throwing       | |  3.6
Spellcasting   | |  1.0
Air Magic      | |  1.0

Action                   |  1- 3 |  4- 6 |  7- 9 || total
-------------------------+-------+-------+-------++-------
Melee: Dagger            |    17 |    70 |       ||    87
       Whip              |       |    56 |   168 ||   224
 Fire: Shortbow          |   111 |       |       ||   111
Throw: Dart              |       |    18 |       ||    18
  Use: Potion            |       |       |     2 ||     2
 Stab: Paralysed         |       |       |     3 ||     3
Armor: Robe              |     4 |       |       ||     4
       Scale mail        |    17 |    47 |    74 ||   138
Dodge: Dodged            |    26 |    45 |    60 ||   131
Block: Other             |     8 |    20 |    49 ||    77

Table legend: (Time is in decaauts)
 A = Elapsed time spent in this place.
 B = Non-inter-level travel time spent in this place.
 C = Inter-level travel time spent in this place.
 D = Time resting spent in this place.
 E = Time spent auto-exploring this place.
 F = Levels seen in this place.
 G = Mean time per level.
                   A        B        C        D        E       F      G
               +--------+--------+--------+--------+--------+-----+--------+
         Total |   5762 |   5671 |     91 |   1667 |   2872 |   4 | 1440.5 |
       Dungeon |   5762 |   5671 |     91 |   1667 |   2872 |   4 | 1440.5 |
               +--------+--------+--------+--------+--------+-----+--------+

Top non-repeatable levels by time:
     D:3: 1810 daAuts
     D:1: 1666 daAuts
     D:2: 1219 daAuts
     D:4: 1065 daAuts
